AoeStats
← Linkg

Arabian Desert

508734267Analyzed
1v1 RM · 8d ago on Sep 23, 2026· 34m 30s· 2 players
Game mode
Random Map
Map size
Tiny (2 player)
Population
200
Speed
Normal
Resources
Standard
Victory
Conquest
Starting age
Dark Age
Ending age
Imperial Age
RankedLock teamsTeams togetherTeam positionsShared explorationLock speedFull tech treeHidden civsTurbo modeCheats
Victory
Defeat
🇨🇷 Maya · Costa Rica
1439
+15
🇧🇷 Slavs · Brazil
1421
-15
Barizon
6:20 Loom
8:52 Feudal Age
9:06 Man-at-Arms
11:32 Double-Bit Axe
16:35 Padded Archer Armor
17:37 Horse Collar
18:17 Fletching
20:27 Wheelbarrow
24:21 Castle Age
23:23 Scale Barding Armor
23:43 Bloodlines
33:51 Husbandry
Linkg
0:25 Loom
9:22 Feudal Age
9:53 Double-Bit Axe
12:12 Fletching
17:49 Padded Archer Armor
23:06 Castle Age
22:12 Scale Mail Armor
22:09 Gold Mining
23:50 Forging
23:23 Eagle Warrior
24:53 Chain Mail Armor
25:03 Arson
27:00 Squires
26:43 Pikeman
34:58 Iron Casting
Connection lost

Rejoining the realm…

Still unreachable

The connection could not be restored.

Session expired

The server has moved on; the page needs a fresh start.